 Dungeon Crawl Stone Soup version 0.21.1-1-g345015f (webtiles) character file.

98 inc the Scratcher (level 4, 21/21 HPs)
             Began as a Felid Chaos Knight on Feb 23, 2018.
             Quit the game on level 4 of the Dungeon.
             The game lasted 00:05:22 (2169 turns).

inc the Scratcher (Felid Chaos Knight)              Turns: 2169, Time: 00:05:23

Health: 21/21      AC:  1    Str:  8    XL:     4   Next: 43%
Magic:  5/5        EV: 18    Int: 14    God:    Xom [..*...]
Gold:   171        SH:  0    Dex: 16    Spells: 3/3 levels left
                                        Lives:  0   Deaths: 1

rFire    . . .     SeeInvis +     - Unarmed
rCold    . . .     Gourm    .   (shield unavailable)
rNeg     . . .     Faith    .   (armour unavailable)
rPois    .         Spirit   .   (helmet unavailable)
rElec    .         Reflect  .   (cloak unavailable)
rCorr    .         Harm     .   (gloves unavailable)
MR       .....                  (boots unavailable)
Stlth    ++........             (no amulet)
HPRegen  0.07/turn              (no ring)
MPRegen  0.09/turn              (no ring)

@: quick
A: very small, no armour, no weapons or thrown items, stealth, claws 1, fangs 3,
see invisible, carnivore, speed 1, shaggy fur 1, slow metabolism 1, sharp paws
a: Renounce Religion


You were on level 4 of the Dungeon.
You worshipped Xom.
You were a toy of Xom.
You were not hungry.

You visited 1 branch of the dungeon, and saw 4 of its levels.

You collected 171 gold pieces.

Inventory:

Scrolls
 c - a scroll of immolation {unknown}
 f - a scroll of fear {unknown}
 g - a scroll of enchant weapon {unknown}
 h - a scroll of amnesia {unknown}
 k - a scroll of identify {unknown}
 l - 2 scrolls of teleportation {unknown}
 m - a scroll of random uselessness {unknown}
Potions
 b - a potion of might
 d - a potion of curing {unknown}
 e - a potion of haste
 i - a potion of brilliance {unknown}
 j - a potion of heal wounds {unknown}
Comestibles
 a - 5 rations


   Skills:
 - Level 3.0 Fighting
 - Level 3.2 Dodging
 + Level 6.2 Unarmed Combat


You had 3 spell levels left.
You didn't know any spells.

Dungeon Overview and Level Annotations

Branches:
Dungeon (4/15)
 Temple: D:4-7

Altars:
Elyvilon
Nemelex Xobeh

Annotations:
D:3 anotherperson's ghost, amateur GrFi


Innate Abilities, Weirdness & Mutations

You cannot wear armour.
You are incapable of wielding weapons or throwing items.
Your paws allow you to move quietly. (Stealth)
You have sharp claws.
You have razor-sharp teeth.
You have supernaturally acute eyesight. (SInv)
You are carnivorous and can eat meat at any time.
You cover ground quickly.
You are covered in fur. (AC +1)
You have a slow metabolism.
Your sharp claws are effective at attacking unaware monsters.


Message History

The orc wizard points at you and mumbles some strange words.
The magic dart hits you!
* * * LOW HITPOINT WARNING * * *
You barely miss the orc wizard.
The orc wizard is moderately wounded.
The orc wizard hits you with a dagger.
* * * LOW HITPOINT WARNING * * *
You scratch the orc wizard but do no damage.
The orc wizard is moderately wounded.
The orc wizard hits you with a dagger.
* * * LOW HITPOINT WARNING * * *
You barely miss the orc wizard. You bite the orc wizard.
The orc wizard is severely wounded.
The orc wizard hits you with a dagger.
You die... "This toy is broken."
You are now level 4!
Xom is highly amused!
You rejoin the land of the living...
Are you sure you want to abandon this character and quit the game? (Confirm with "yes".)

### ...
#.# #.#
#@#
........#
###.#####


There were no monsters in sight!

Vanquished Creatures
  An orc priest (D:3)
  2 orc wizards
  4 adders
  2 dart slugs (D:1)
  4 leopard geckos
  3 orcs
  3 giant cockroaches
  7 goblins
  10 hobgoblins
  9 jackals (D:2)
  2 quokkas
  6 bats
  6 frilled lizards
  4 kobolds
  9 rats
72 creatures vanquished.

Notes
Turn   | Place    | Note
-------+----------+-------------------------------------------
     0 | D:1      | inc the Felid Chaos Knight began the quest for the Orb.
     0 | D:1      | Reached XP level 1. HP: 10/10 MP: 2/2
    91 | D:1      | XOM: divination: detect items
   121 | D:1      | XOM: harmless Hex miscast
   215 | D:1      | Reached XP level 2. HP: 14/14 MP: 3/3
   524 | D:1      | Reached skill level 4 in Unarmed Combat
   720 | D:1      | Reached XP level 3. HP: 13/17 MP: 4/4
  1228 | D:2      | Reached XP level 4. HP: 19/21 MP: 5/5
  1251 | D:2      | Reached skill level 5 in Unarmed Combat
  1286 | D:2      | XOM: god gift: 58 gold pieces
  1322 | D:2      | XOM: potion effect (brilliance)
  1392 | D:2      | XOM: cloud trail
  1570 | D:3      | XOM: stealth player
  1590 | D:3      | XOM: mild Conj miscast
  1593 | D:3      | Found a sparkling altar of Nemelex Xobeh.
  1605 | D:3      | XOM: noise
  1631 | D:3      | XOM: 2-stop teleportation journey
  1633 | D:3      | XOM: confusion (+ monsters)
  1636 | D:3      | XOM: blink monster(s)
  1652 | D:3      | Reached XP level 5. HP: 8/24 MP: 6/6
  1673 | D:3      | XOM: silly message
  1953 | D:3      | Found a white marble altar of Elyvilon.
  2087 | D:3      | Noticed anotherperson's ghost (amateur GrFi)
  2101 | D:3      | XOM: potion effect (agility)
  2133 | D:4      | XOM: cast spell 'Cause Fear'
  2135 | D:4      | Reached skill level 6 in Unarmed Combat
  2167 | D:4      | HP: 1/24 [orc wizard/dagger (1)]
  2168 | D:4      | Slain by an orc wizard
  2169 | D:4      | Reached XP level 4. HP: 0/21 MP: 5/5
  2169 | D:4      | Quit the game

Skill      XL: |  1  2  3  4  5 |
---------------+----------------+-----
Unarmed Combat | 4 5 6 |  6.2
Fighting       | |  3.0
Dodging        | |  3.2

Action                   |  1- 3 |  4- 6 || total
-------------------------+-------+-------++-------
Melee: Unarmed           |   110 |    96 ||   206
       Bite              |     4 |    11 ||    15
       Punch             |     4 |     2 ||     6
  Use: Potion            |       |     1 ||     1
 Stab: Sleeping          |     9 |     2 ||    11
  Eat: Chunk             |     1 |     2 ||     3
Armor: Skin              |     1 |     1 ||     2
Dodge: Dodged            |    72 |    63 ||   135
